 Dungeon Crawl Stone Soup version 0.30-a0-702-gdf48620a09 (webtiles) character file.

Game seed: 4189174091628000389

52 CrazyBamboolord the Insei (level 3, -2/23 HPs)
             Began as an Octopode Transmuter on Jan 21, 2023.
             Slain by a goblin
             ... wielding a +0 dagger
             ... led by Robin
              (6 damage)
             ... on level 2 of the Dungeon.
             The game lasted 00:03:16 (1214 turns).

CrazyBamboolord the Insei (Octopode Transmuter)     Turns: 1214, Time: 00:03:17

Health: -2/23      AC:  1    Str:  6 (9)  XL:     3   Next: 85%
Magic:  5/7        EV: 13    Int: 14 (17) God:
Gold:   66         SH:  0    Dex: 11 (12) Spells: 1/7 levels left

rFire   . . .      SeeInvis .      - Unarmed
rCold   . . .      Faith    .    (no shield)
rNeg    . . .      Spirit   .    (helmet currently unavailable)
rPois   .          Reflect  .    f - amulet of regeneration
rElec   .          Harm     .    e - ring of willpower
rCorr   .          Rampage  .    (no ring)
Will    +....                    (no ring)
Stlth   ++                       (no ring)
HPRegen 1.03/turn                (no ring)
MPRegen 0.10/turn                (no ring)
                                 (no ring)
                                 (no ring)

@: appendages (expiring), attractive
A: tentacle spike 3, almost no armour, amphibious, 8 rings, camouflage 1,
gelatinous body 1, (nimble swimmer 1), tentacles
a: End Transformation


You were on level 2 of the Dungeon.
One of your tentacles had grown a beastly spike.
You visited 1 branch of the dungeon, and saw 2 of its levels.

You collected 66 gold pieces.

Inventory:

Jewellery
 e - a ring of willpower (left tentacle)
 f - an amulet of regeneration (around mantle)
Scrolls
 c - a scroll of magic mapping {unknown}
 d - a scroll of fear {unknown}
 h - a scroll of teleportation {unknown}
Potions
 a - a potion of lignification
 b - a potion of degeneration
 g - a potion of attraction


   Skills:
 * Level 1.6 Fighting
 * Level 2.1 Dodging
 + Level 0.4 Stealth
 * Level 3.2 Unarmed Combat
 * Level 2.6 Spellcasting
 * Level 2.2 Transmutations
 * Level 1.3 Poison Magic


You had one spell level left.
You knew the following spells:

 Your Spells              Type           Power      Damage    Failure   Level
a - Beastly Appendage     Tmut           16%        N/A       9%          1
b - Wereblood             Tmut           8%         N/A       13%         2
c - Spider Form           Tmut/Pois      6%         N/A       32%         3

Your spell library contained the following spells:

 Spells                   Type           Power      Damage    Failure   Level
 Ice Form                 Ice/Tmut       5%         N/A       80%         4


Dungeon Overview and Level Annotations

Branches:
Dungeon (2/15)

Altars:

Shops:
D:1 (=([


Innate Abilities, Weirdness & Mutations

One of your tentacles has grown a beastly spike.
You cannot wear most types of armour.
You are amphibious.
You can wear up to eight rings at the same time.
Your skin changes colour to match your surroundings (Stealth+).
Your rubbery body absorbs attacks. (AC +1, EV +1)
((You are camouflaged when in or above water. (Stealth+)))
You have tentacles for arms and can constrict up to eight enemies at once.


Message History

Robin hits you with a +0 dagger.
The rat moves out of view.
You tentacle-slap Robin. You grab Robin. You tentacle-slap Robin.
You squeeze Robin!
Robin is severely wounded.
You constrict Robin, but do no damage.
A hobgoblin comes into view.
A goblin comes into view. It is wielding a +0 dagger.
Robin hits you with a +0 dagger.
You tentacle-slap Robin but do no damage.
You squeeze Robin.
Robin is severely wounded.
You constrict Robin.
A hobgoblin comes into view.
Robin hits you with a +0 dagger.
You tentacle-slap Robin. You squeeze Robin.
You kill Robin!
The goblin hits you with a +0 dagger.
A hobgoblin comes into view.
You are too injured to fight recklessly!
You tentacle-slap the goblin. Your grab misses the goblin.
Your tentacle spike misses the goblin.
The goblin is moderately wounded.
The goblin barely misses you.
A goblin comes into view. It is wielding a +0 dagger.
The goblin attacks as you move away! The goblin hits you with a +0 dagger.
A goblin comes into view. It is wielding a +0 club.
The goblin attacks as you move away! The goblin hits you with a +0 dagger.
The goblin attacks as you move away! The goblin hits you with a +0 dagger.
* * * LOW HITPOINT WARNING * * *
The goblin attacks as you move away! The goblin hits you with a +0 dagger.
* * * LOW HITPOINT WARNING * * *
It was a potion of degeneration.
There was something very wrong with that liquid.
You feel weakened.
You feel dopey.
You feel clumsy.
Your transformation is almost over.
The goblin misses you. x2
It was a potion of attraction.
You feel attractive to monsters. The goblin hits you with a +0 dagger.
You die... .... g.g

.. ... gg ... #.# g###.##
##.##......# #...)g......
####....g.......
#...r.g)......[.
#####gg.........###..
####...#@g...............
#..........)>...........#
#.##....................#
#.##....................#
#.##.....................
#.#####.#####............
#.# #.#................
#.# #..................
#.# ####..............#.


You could see 2 hobgoblins, 6 goblins and a rat.

Vanquished Creatures
  Robin (D:2)
  2 dart slugs
  5 bats
  2 endoplasms (D:1)
  A giant cockroach (D:2)
  3 goblins
  6 hobgoblins
  5 kobolds
  6 ball pythons
  2 rats
33 creatures vanquished.

Notes
Turn   | Place    | Note
-------+----------+-------------------------------------------
     0 | D:1      | CrazyBamboolord the Octopode Transmuter began the quest for
                  | the Orb.
     0 | D:1      | Reached XP level 1. HP: 13/13 MP: 3/3
    96 | D:1      | Found Otolag's Weapon Shop.
   253 | D:1      | Reached XP level 2. HP: 4/18 MP: 1/5
   400 | D:1      | Reached skill level 1 in Poison Magic
   431 | D:1      | Learned a level 2 spell: Wereblood
   442 | D:1      | Found Ibub's Jewellery Shop.
   603 | D:1      | Found Oxkeel Joigh's Antique Weapon Boutique.
   885 | D:1      | Found Symud's Armour Shop.
   900 | D:1      | Reached XP level 3. HP: 23/23 MP: 4/6
  1086 | D:2      | Learned a level 3 spell: Spider Form
  1200 | D:2      | Noticed Robin
  1208 | D:2      | Killed Robin
  1212 | D:2      | HP: 1/23 [goblin/+0 dagger[Robin] (3)]
  1214 | D:2      | Slain by a goblin

Illustrated notes

Levels and vault maps discovered:
D:1:      dpeg_arrival_refuge, layout_basic, serial_shops,
          nicolae_shop_statue_plus, shop, nicolae_shop_crystal,
          nicolae_shop_temple_entry_statues_fountains
D:2:      layout_basic, uniq_robin

Skill      XL: |  1  2 |
---------------+-------+-----
Poison Magic   | 1 |  1.3
Fighting       | |  1.6
Dodging        | |  2.1
Stealth        | |  0.4
Unarmed Combat | |  3.2
Spellcasting   | |  2.6
Transmutations | |  2.2

Action                   || total
-------------------------++-------
Melee: Unarmed           ||    65
       Constrict         ||    22
       Kick              ||    22
       Tentacles         ||    14
       Punch             ||     3
 Cast: Beastly Appendage ||    31
  Use: Potion            ||     2
 Stab: Sleeping          ||     6
Armor: Skin              ||     9
Dodge: Dodged            ||    40

Table legend: (Time is in decaauts)
 A = Elapsed time spent in this place.
 B = Non-inter-level travel time spent in this place.
 C = Inter-level travel time spent in this place.
 D = Time resting spent in this place.
 E = Time spent auto-exploring this place.
 F = Levels seen in this place.
 G = Mean time per level.
                   A        B        C        D        E       F      G
               +--------+--------+--------+--------+--------+-----+--------+
         Total |   1209 |   1185 |     24 |      0 |    923 |   2 |  604.5 |
       Dungeon |   1209 |   1185 |     24 |      0 |    923 |   2 |  604.5 |
               +--------+--------+--------+--------+--------+-----+--------+

Top non-repeatable levels by time:
     D:1: 956 daAuts
     D:2: 252 daAuts
